Valkyrie, lawful female human Valkyrie --------- ---------### ........| ------ #.(......-## |.......| ----- ##.....| #|.......|## |.......-## |....########### # |...%| #-----|---######-.......|####....| # ------### |....| #### ## # |.......|####|....##### ### |....|# |....| # # # ------.--# #-...| # |..^.-# ------ # #### ###### |...| ###|....| # ## # |..<| #-....| # `## ### ----- ------ # ## # ----------# ## ### |.........# # # # |.......>|## #### # |.....!...# # -.-.--- |....)%*.| ##-`....| ---------- |.....| |.....| ------- Valkyrie the Skirmisher Experience level: 5 Strength: 18/01 Dexterity: 14 Constitution: 18 Intelligence: 8 Wisdom: 7 Charisma: 8 Health: 17(17) Energy: 12(12) Def: 7 Gold: 638 Moves: 2857 Dungeon seed: qbZs8Cuh7DVrnSG8 Game ID: Valkyrie_1607516522 Your Inventory: Coins $ - 638 gold pieces Weapons b - a +0 dagger (in quiver) w - 11 cursed -1 shuriken Comestibles c - 3 uncursed food rations Rings v - a cursed ring of hunger (on left scale gap) Tools h - an uncursed oil lamp (0:1086) Spells and supernatural/magical abilities: Name Level Category Fail Memory W - pray for help -- divine ? -- Your skills at the end: Fighting Skills Weapon Skills dagger [Basic] long sword [Basic] Spellcasting Skills Final Attributes: You were piously aligned. You were cold resistant. You were poison resistant. You hungered rapidly. You were telepathic. You were stealthy. You aggravated monsters. You could swim. You were polymorphed into a water moccasin. You survived. Vanquished creatures: a pony a straw golem 3 giant ants a little dog 3 floating eyes 2 homunculi a centipede a dwarf zombie 3 iguanas 2 coyotes a gas spore a large kobold 4 giant rats a brown mold a yellow mold 4 garter snakes a gecko 5 jackals a fox 2 goblins 2 sewer rats 7 grid bugs 3 lichens 5 newts 56 creatures vanquished. Voluntary challenges: You used a wielded weapon 64 times, starting on turn 44. You read items or engraved 5 times, starting on turn 281. You never genocided any monsters. You never polymorphed an object. You changed form 1 time, starting on turn 2795. You used no wishes. You never split a pudding. You never wrote Elbereth's name. You never violated your personal moral code. Dungeon overview: The Dungeons of Doom: levels 1 to 6 Level 1 a long staircase Level 2 a sink Level 3 an altar to Tyr a long staircase Level 4 a sink Level 5 Level 6 <- You were here History has recorded: On T:1 you entered the Dungeons of Doom to retrieve the Amulet of Yendor! On T:364 you reached level 2 of The Dungeons of Doom. On T:541 you advanced to experience level 2. On T:694 you reached level 3 of The Dungeons of Doom. On T:913 you advanced to experience level 3. On T:1116 you reached level 4 of The Dungeons of Doom. On T:1274 you reached level 5 of The Dungeons of Doom. On T:1377 you advanced to experience level 4. On T:2003 you reached level 6 of The Dungeons of Doom. On T:2084 you advanced to experience level 5. Score breakdown: Gold: 638 ( 9543 points) Experience: 5 levels (11141 points) Exploration: 6 levels ( 12.77%) ( 9890 points) Discoveries: 3 items ( 1.22%) ( 3312 points) Valuables value: (no points given unless you survive) Artifact value: 0 ( 0 points) Variety of kills: 24 monsters ( 6.30%) ( 7529 points) Turncount: 2857 turns ( -527 points) Survival: quit (score multiplied by 90%) Total score: 36799 Latest messages: Your armor falls around you! You can no longer hold your shield! Your helmet falls to the floor! You find you must drop your weapon! In this form, you can lay an egg by sitting on the ground. You rebalance your load. Movement is difficult. Your movements are only slowed slightly by your load. You see here a brilliant blue potion. That food really hit the spot! You finish eating the food ration. You see here a brilliant blue potion. You see here a cram ration. You see here 2 orange gems. You see here a cram ration. There are a few objects here. You see here a brilliant blue potion. (2x) You see here a cram ration. There are a few objects here. You are physically incapable of picking anything up. There are a few objects here. Final status: Farvel Valkyrie the Valkyrie, quit... You quit in The Dungeons of Doom on dungeon level 6 with 36799 points, and 638 pieces of gold, after 2857 moves. You were level 5 with a maximum of 58 hit points when you quit.